 Dungeon Crawl Stone Soup version 0.31-a0-819-gf6de2f5ab6 (webtiles) character file.

Game seed: 14197078664310645052

681 Dirtsage the Chopper (level 7, 42/52 HPs)
             Began as a Demonspawn Fighter on Sept 23, 2023.
             Was an Initiate of Gozag.
             Quit the game on level 5 of the Dungeon.
             The game lasted 00:03:41 (3606 turns).

Dirtsage the Chopper (Demonspawn Fighter)           Turns: 3606, Time: 00:03:42

Health: 42/52      AC: 12    Str: 18    XL:     7   Next: 34%
Magic:  5/7        EV:  9    Int:  9    God:    Gozag
Gold:   508        SH:  0    Dex: 13    Spells: 6/6 levels left

rFire   . . .        q - +2 hand axe (drain)
rCold   . . .        (no shield)
rNeg    . . .        b - +0 scale mail
rPois   .            (no helmet)
rElec   .            l - +1 cloak
rCorr   +            (no gloves)
SInv    .            (no boots)
Will    .....        v - amulet of guardian spirit Stlth
                     k - +4 ring of protection
HPRegen 0.28/turn    C - ring of resist corrosion
MPRegen 0.10/turn

%: guardian spirit
@: gold aura
A: demonic guardian 1, ignite blood 2, demonic touch 2
a: Renounce Religion, Potion Petition, Call Merchant, Bribe Branch


You were on level 5 of the Dungeon.
You worshipped Gozag.
Gozag was pleased with you.
You visited 1 branch of the dungeon, and saw 5 of its levels.

You collected 553 gold pieces.
You paid 45 gold pieces to Gozag.

Inventory:

Hand Weapons
 a - a +0 war axe
 q - a +2 hand axe of draining (weapon)
Armour
 b - a +0 scale mail (worn)
 c - a +0 buckler
 l - a +1 cloak (worn)
Magical Staves
 i - a staff of poison
Jewellery
 k - a +4 ring of protection (left hand)
 v - an amulet of guardian spirit (around neck)
 C - a ring of resist corrosion (right hand)
Scrolls
 g - a scroll of noise {unknown}
 h - a scroll of fear {unknown}
 j - 2 scrolls of fog {unknown}
 m - 3 scrolls of enchant armour {unknown}
 r - a scroll of identify {unknown}
Potions
 d - a potion of might
 e - a potion of heal wounds {unknown}
 f - a potion of mutation {unknown}
 n - a potion of resistance {unknown}
 o - a potion of ambrosia {unknown}
 p - a potion of lignification {unknown}
 s - a potion of brilliance {unknown}
 t - a potion of degeneration {unknown}
 u - a potion of attraction {unknown}


   Skills:
 - Level 3.0 Fighting
 + Level 7.6 Axes
 - Level 2.6 Armour
 - Level 2.6 Shields


You had 6 spell levels left.
You didn't know any spells.
Your spell library contained the following spells:

 Spells                   Type           Power      Damage    Failure   Level
 Magic Dart               Conj           0%         1d3       78%         1
 Searing Ray              Conj           0%         2d4       89%         2
 Ozocubu's Armour         Ice            0%         N/A       98%         3
 Fulminant Prism          Conj/Hex       0%         3d5       100%        4
 Metabolic Englaciation   Hex/Ice        0%         N/A       100%        5
 Simulacrum               Ice/Necr       Unusable   N/A       N/A         6

Dungeon Overview and Level Annotations

Branches:
Dungeon (5/15)
 Temple: D:4-7

Altars:
Ashenzari
Cheibriados
Dithmenos
Gozag
Yredelemnul


Innate Abilities, Weirdness & Mutations

A weak demonic guardian rushes to your aid.
Your demonic aura often causes spilled blood to erupt in flames.
Your touch may inflict irresistible damage on your foes.


Message History

No target in view!
No target in view!
No target in view!
No target in view!
No target in view!
No target in view!
No target in view!
You see here 8 gold pieces.
Grinder is nearby!
Grinder says, "You look like you could use a good racking."
Grinder completely misses you.
You hit Grinder but do no damage. Grinder hits you.
You writhe in agony.
You take 7 damage, and have 40/47 hp.
You now have 5/6 mp.
You hit Grinder.
You touch Grinder!
Your punch misses Grinder.
Grinder is heavily wounded.
Grinder hits you but does no damage.
You hit Grinder.
Grinder is severely wounded.
Grinder hits you.
You writhe in agony.
You take 4 damage, and have 36/47 hp.
You slash Grinder! Your touch misses Grinder.
Grinder is almost dead.
Grinder blinks!
Grinder barely misses you.
You hit Grinder.
Grinder is almost dead.
Grinder is distracted by your dazzling golden aura.
Grinder shouts!
You hit Grinder.
Grinder is no longer distracted by gold.
Grinder is almost dead.
Grinder hits you but does no damage.
You hit Grinder.
You kill Grinder!
Your Axes skill increases to level 7!
You have reached level 7!
Your demonic ancestry asserts itself...
You feel the presence of a demonic guardian.
You regained 5 hp, and now have 42/52 hp.
Are you sure you want to abandon this character and quit the game? (Confirm with "yes".)

#....#
########....####
........<.......
...#....######.
#....#
###+##....#
#.....#####
#$..$.# +@....#
#.....#
#..........#
#..........#
#..........#
#..........#
###########..
... ..


There were no monsters in sight!

Vanquished Creatures
  Grinder (D:5)
  3 wights (D:3)
  A hound (D:4)
  A jelly (D:4)
  An iguana (D:4)
  An iron imp (D:4)
  A sleepcap (D:4)
  A scorpion zombie (D:4)
  An orc wizard (D:3)
  3 adders
  An adder zombie (D:4)
  2 worms
  3 dart slugs
  9 orcs
  8 bats
  15 endoplasms
  3 giant cockroaches
  5 goblins
  8 hobgoblins
  7 quokkas
  9 ball pythons
  4 frilled lizards
  10 kobolds
  3 rats
101 creatures vanquished.

Notes
Turn   | Place    | Note
-------+----------+-------------------------------------------
     0 | D:1      | Dirtsage the Demonspawn Fighter began the quest for the
                  | Orb.
     0 | D:1      | Reached XP level 1. HP: 18/18 MP: 1/1
    58 | D:1      | Reached skill level 2 in Axes
   112 | D:1      | Gained mutation: Your touch may inflict minor irresistible
                  | damage on your foes. [demonic ancestry]
   112 | D:1      | Reached XP level 2. HP: 24/24 MP: 2/2
   169 | D:1      | Reached skill level 3 in Axes
   281 | D:1      | Reached XP level 3. HP: 25/29 MP: 3/3
   712 | D:2      | Found a shadowy altar of Dithmenos.
   925 | D:2      | Found a faded altar of an unknown god.
   935 | D:2      | Gained mutation: Your demonic aura sometimes causes spilled
                  | blood to erupt in flames. [demonic ancestry]
   935 | D:2      | Reached XP level 4. HP: 35/35 MP: 4/4
   937 | D:2      | Reached skill level 4 in Axes
  1835 | D:3      | Found an opulent altar of Gozag.
  1911 | D:3      | Found a broken altar of Ashenzari.
  1973 | D:3      | Became a worshipper of Gozag Ym Sagoz the Greedy
  2097 | D:3      | Reached skill level 5 in Axes
  2097 | D:3      | Gained mutation: Your touch may inflict irresistible damage
                  | on your foes. [demonic ancestry]
  2097 | D:3      | Reached XP level 5. HP: 33/41 MP: 5/5
  2150 | D:3      | Gained mutation: Your demonic aura often causes spilled
                  | blood to erupt in flames. [demonic ancestry]
  2150 | D:3      | Reached XP level 6. HP: 39/47 MP: 6/6
  2795 | D:4      | Reached skill level 6 in Axes
  3318 | D:4      | Found a basalt altar of Yredelemnul.
  3386 | D:4      | Identified the +7 quarterstaff "Diastont" {speed, rF+
                  | Dex+3}
  3430 | D:4      | Found a shadowy altar of Dithmenos.
  3516 | D:4      | Found a snail-covered altar of Cheibriados.
  3585 | D:5      | Entered Level 5 of the Dungeon
  3585 | D:5      | Noticed Grinder
  3605 | D:5      | Killed Grinder
  3606 | D:5      | Reached skill level 7 in Axes
  3606 | D:5      | Gained mutation: A weak demonic guardian rushes to your
                  | aid. [demonic ancestry]
  3606 | D:5      | Reached XP level 7. HP: 42/52 MP: 5/7
  3606 | D:5      | Quit the game

Illustrated notes

Levels and vault maps discovered:
D:1:      evilmike_arrival_rings, layout_rooms
D:2:      layout_basic, basic_altar, hellmonk_ecumenical_altar_crossroads,
          hangedman_decor_slide_cut, minmay_box_of_dots
D:3:      minmay_chambers_of_threes, layout_loops_cross,
          grunt_gozag_breadcrumbs, cheibrodos_ashenzari_chains
D:4:      layout_basic, slow_altar_2, mainiacjoe_overflow_six_doors_small,
          lemuel_zombie_altar_yredelemnul
D:5:      layout_gridville, mainiacjoe_overflow_alcove_1,
          mainiacjoe_overflow_alcove_2, uniq_grinder

Skill      XL: |  1  2  3  4  5  6 |
---------------+-------------------+-----
Axes           | 2 3 5 7 |  7.6
Fighting       | |  3.0
Armour         | |  2.6
Shields        | |  2.6

Action                     |  1- 3 |  4- 6 |  7- 9 || total
---------------------------+-------+-------+-------++-------
  Melee: War axe           |    85 |    49 |       ||   134
         Touch             |     9 |    21 |       ||    30
         Hand axe          |       |    95 |       ||    95
 Armour: Scale mail        |    80 |    88 |       ||   168
  Dodge: Dodged            |    28 |    55 |       ||    83
  Block: Buckler           |     8 |       |       ||     8

Table legend: (Time is in decaauts)
 A = Elapsed time spent in this place.
 B = Non-inter-level travel time spent in this place.
 C = Inter-level travel time spent in this place.
 D = Time resting spent in this place.
 E = Time spent auto-exploring this place.
 F = Levels seen in this place.
 G = Mean time per level.
                   A        B        C        D        E       F      G
               +--------+--------+--------+--------+--------+-----+--------+
         Total |   3645 |   3430 |    215 |      0 |   2889 |   5 |  729.0 |
       Dungeon |   3645 |   3430 |    215 |      0 |   2889 |   5 |  729.0 |
               +--------+--------+--------+--------+--------+-----+--------+

Top non-repeatable levels by time:
     D:2: 1155 daAuts
     D:3: 1016 daAuts
     D:4: 791 daAuts
     D:1: 662 daAuts
     D:5: 20 daAuts
